 Dungeon Crawl Stone Soup version 0.17-a0-1411-g06ff558 (webtiles) character file.

3483 urechis the Cruncher (level 10, -8/84 HPs)
             Began as a Tengu Gladiator on June 23, 2015.
             Was a Priest of Trog.
             Mangled by an orc warrior
             ... wielding a +0 long sword
              (21 damage)
             ... on level 8 of the Dungeon.
             The game lasted 00:19:58 (8013 turns).

urechis the Cruncher (Tengu Gladiator)              Turns: 8013, Time: 00:19:59

Health: -8/84      AC:  7    Str: 22    XL:     10   Next: 7%
Magic:  12/12      EV: 15    Int:  8    God:    Trog [***...]
Gold:   124        SH:  0    Dex: 20    Spells: 0 memorised, 9 levels left

rFire  + + .     SeeInvis .     a - +0 quarterstaff
rCold  x . .     Clarity  .     E - +0 leather armour {rF+}
rNeg   . . .     SustAt   .     (no shield)
rPois  .         Gourm    .     c - +0 hat
rElec  .         Spirit   .     y - +0 cloak
rCorr  .         Warding  .     H - +2 pair of gloves {Dex+3}
rMut   .         Stasis   .     (boots unavailable)
MR     ++...                    (no amulet)
Stlth  ..........               (no ring)
                                j - ring of fire

@: berserking, regenerating, very quick, very resistant to hostile enchantments,
extremely unstealthy
A: beak, talons 3, able to fly 1
a: Fly, Burn Spellbooks, Berserk, Trog's Hand, Renounce Religion


You were on level 8 of the Dungeon.
You worshipped Trog.
Trog was most pleased with you.
You were not hungry.

You visited 1 branch of the dungeon, and saw 8 of its levels.

You collected 443 gold pieces.
You spent 319 gold pieces at shops.

Inventory:

Hand weapons
 a - a +0 quarterstaff (weapon)
 b - a +0 blowgun
Missiles
 e - a throwing net (quivered)
 C - 30 poisoned needles
Armour
 c - a +0 hat (worn)
 y - a +0 cloak (worn)
 E - a +0 leather armour of fire resistance (worn)
 H - a +2 pair of gloves of dexterity (worn)
Jewellery
 j - a ring of fire (left hand)
Magical devices
 x - a wand of random effects (14)
 I - a wand of lightning (2)
 J - a wand of random effects (18)
Scrolls
 f - 2 scrolls of remove curse
 k - 2 scrolls of teleportation
 m - 4 scrolls of recharging
 o - 3 scrolls of enchant armour
 p - 3 scrolls of fear
 t - 2 scrolls of magic mapping
 u - 3 scrolls of fog
 A - a scroll of vulnerability {unknown}
 G - a scroll of silence
 K - a scroll of enchant weapon {unknown}
 M - a scroll of immolation {unknown}
 N - a scroll of blinking {unknown}
Potions
 h - a potion of berserk rage {unknown}
 i - a potion of agility {unknown}
 l - 3 potions of degeneration {unknown}
 n - 2 potions of ambrosia {unknown}
 q - 2 potions of brilliance {unknown}
 r - 2 potions of invisibility {unknown}
 v - a potion of curing {unknown}
 w - a potion of resistance {unknown}
 D - a potion of poison {unknown}
 L - a potion of heal wounds {unknown}
Books
 B - a Young Poisoner's Handbook

   Spells                             Type                      Level
   a - Sting                          Conjuration/Poison           1
   b - Cure Poison                    Poison                       2
   c - Mephitic Cloud                 Conjuration/Poison/Air       3
   d - Olgreb's Toxic Radiance        Poison                       4
   e - Venom Bolt                     Conjuration/Poison           5
   Trog disapproves of the use of such an item.
Comestibles
 d - 6 bread rations
 g - 3 royal jellies
 s - 3 beef jerkies
 z - 10 meat rations


   Skills:
 + Level 3.0 Fighting
 - Level 14.1 Staves
 - Level 2.1 Throwing
 + Level 2.1 Armour
 + Level 4.2 Dodging
 + Level 1.9 Evocations


You had 9 spell levels left.
You didn't know any spells.

Dungeon Overview and Level Annotations

Branches:
Dungeon (8/15)             Temple (0/1) D:6
   Lair: D:8-11

Altars:
Cheibriados
Dithmenos
Fedhas
Gozag
Makhleb
Nemelex Xobeh
Okawaru
Ru
Trog
Xom
The Shining One

Shops:
D:7 %[[


Innate Abilities, Weirdness & Mutations

You have a beak for a mouth.
You have claws for feet.
You can fly.


Message History

The orc warrior barely misses you.
That beef jerky was delicious!
Use which ability? (? or * to list)
A red film seems to cover your vision as you go berserk!
You feel yourself moving faster!
You feel mighty!
You feel somewhat more hungry. The orc warrior barely misses you.
You barely miss the orc warrior. Your kick misses the orc warrior.
You peck the orc warrior.
The orc warrior is lightly wounded.
You closely miss the orc warrior.
The orc warrior is lightly wounded.
The orc warrior hits you from afar with a trident!
* * * LOW HITPOINT WARNING * * *
The orc priest invokes the aid of Beogh against you.
Something smites you!
* * * LOW HITPOINT WARNING * * *
You barely miss the orc warrior.
The orc warrior is lightly wounded.
The orc warrior hits you with a long sword!!
You die...

### ##..^..## ##o..#
##...## #.(##$..$#
##### ##'## ##..# ####
....# #.# #(o### ###.#
#.# ##o#.# # #.# ##.##
#...# # #.###...#####
###.# #
#.##........#######.#
###.##..........@ooo..#
#.........(.#.#########
..####.####.#.#
#.##.....##...#
#.#.......#..##
#.#.....(.#..#
......_......#
.?#.......#..#
#.#.......#.##


You could see 2 orc warriors and an orc priest.

Vanquished Creatures
  Erica (D:8)
  Grinder (D:5)
  A hungry ghost (D:8)
  A water moccasin (D:8)
  2 black bears
  2 orc warriors
  An ice beast (D:6)
  2 phantoms (D:6)
  2 ogres
  Blork the orc (D:5)
  3 giant frogs
  A water moccasin zombie (D:7)
  A wyvern skeleton (D:6)
  A scorpion (D:5)
  2 jellies (D:8)
  2 giant frog zombies (D:6)
  A crimson imp (D:5)
  2 hounds
  7 orc wizards
  A giant frog skeleton (D:4)
  3 orc priests
  4 centaur skeletons
  An iguana (D:5)
  6 worker ants
  2 hound skeletons
  Robin (D:3)
  13 adders
  2 shadow imps (D:7)
  4 worms
  23 orcs
  A ball python (D:5)
  2 bat skeletons
  5 giant cockroaches
  11 hobgoblins
  6 jackals
  18 kobolds
  6 quokkas
  20 bats
  5 giant geckos
  4 giant newts
  33 goblins
  12 rats
217 creatures vanquished.

Notes
Turn   | Place    | Note
--------------------------------------------------------------
     0 | D:1      | urechis the Tengu Gladiator began the quest for the Orb.
     0 | D:1      | Reached XP level 1. HP: 12/12 MP: 2/2
    46 | D:1      | Reached XP level 2. HP: 14/17 MP: 3/3
   171 | D:1      | Found a sparkling altar of Nemelex Xobeh.
   180 | D:1      | Reached skill level 4 in Staves
   409 | D:1      | Reached XP level 3. HP: 13/21 MP: 4/4
   564 | D:2      | Found an opulent altar of Gozag.
   645 | D:2      | Reached skill level 5 in Staves
   683 | D:2      | Reached XP level 4. HP: 13/26 MP: 5/5
  1445 | D:3      | Found a glowing golden altar of the Shining One.
  1505 | D:3      | Reached skill level 6 in Staves
  1509 | D:3      | Found a bloodstained altar of Trog.
  1513 | D:3      | Gained mutation: You can fly. [Tengu growth]
  1513 | D:3      | Reached XP level 5. HP: 17/30 MP: 6/6
  1660 | D:3      | Became a worshipper of Trog the Wrathful
  2224 | D:3      | Acquired Trog's first power
  2233 | D:3      | Noticed Robin
  2244 | D:3      | Killed Robin
  2371 | D:4      | Noticed an ogre
  2384 | D:4      | Killed an ogre
  2384 | D:4      | Reached skill level 7 in Staves
  2384 | D:4      | Reached XP level 6. HP: 4/35 MP: 7/7
  2773 | D:4      | Reached skill level 8 in Staves
  3195 | D:4      | Reached XP level 7. HP: 34/40 MP: 8/8
  3584 | D:4      | Acquired Trog's second power
  4277 | D:5      | Entered Level 5 of the Dungeon
  4298 | D:5      | Reached skill level 9 in Staves
  4588 | D:5      | Noticed Blork the orc
  4597 | D:5      | Killed Blork the orc
  4688 | D:5      | Found an iron altar of Okawaru.
  5003 | D:5      | Reached skill level 10 in Staves
  5003 | D:5      | Reached XP level 8. HP: 44/44 MP: 9/9
  5184 | D:5      | Noticed Grinder
  5199 | D:5      | Killed Grinder
  5400 | D:5      | Reached skill level 11 in Staves
  5820 | D:6      | Found a staircase to the Ecumenical Temple.
  5933 | D:6      | Reached skill level 12 in Staves
  6023 | D:6      | Reached XP level 9. HP: 48/48 MP: 10/10
  6518 | D:6      | Reached skill level 13 in Staves
  6607 | D:7      | Found Itazolu's Armour Boutique.
  6611 | D:7      | Bought a +2 pair of gloves of dexterity for 279 gold pieces
  6639 | D:7      | Found a shadowy altar of Dithmenos.
  6692 | D:7      | Found Ruruipn's Food Shop.
  6726 | D:7      | Found a shimmering altar of Xom.
  6749 | D:7      | Found a sacrificial altar of Ru.
  6833 | D:7      | Found Figeresm's Antique Armour Boutique.
  6838 | D:7      | Bought a runed leather armour for 40 gold pieces
  7049 | D:8      | Noticed Erica
  7063 | D:8      | Killed Erica
  7063 | D:8      | Reached skill level 14 in Staves
  7438 | D:8      | Found a burning altar of Makhleb.
  7440 | D:8      | Found a blossoming altar of Fedhas.
  7456 | D:8      | Found a snail-covered altar of Cheibriados.
  7549 | D:8      | Reached skill level 1 in Armour
  7570 | D:8      | Reached skill level 1 in Evocations
  7784 | D:8      | Reached XP level 10. HP: 52/55 MP: 10/12
  8013 | D:8      | Mangled by an orc warrior

Vault maps used:
D:1:      lemuel_arrival_broad_hall, amethyst_killhole, minmay_misc_feat_x,
          nemelex_xobeh_ov_fountains_minmay
D:2:      grunt_gozag_breadcrumbs
D:3:      kennysheep_goblin_castle, tso_oasis_becter, bloody_trog
D:4:      first_bread, serial_park_tiny_pond, minmay_close_crescents
D:5:      minmay_misc_feat_more_columns, okawaru_altar_gauntlet_db,
          uniq_grinder, uniq_blork_the_orc
D:6:      minmay_temple_entry_statues, kennysheep_generic_room_9
D:7:      nicolae_ru_path_of_blood, xom_butterflies, serial_shops,
          kennysheep_little_box, shop, kennysheep_mini_moat, basic_altar
D:8:      minmay_goldmine, nicolae_overflow_hidden_temple, old_standard_altar,
          uniq_erica

Action                   |  1- 3 |  4- 6 |  7- 9 | 10-12 || total
-------------------------+-------+-------+-------+-------++-------
Melee: Quarterstaff      |    88 |   181 |   354 |    19 ||   642
Throw: Throwing net      |       |     1 |     1 |       ||     2
Invok: Trog's Hand       |       |       |     6 |     1 ||     7
       Berserk           |       |       |     5 |     1 ||     6
 Abil: Fly               |       |     1 |     1 |       ||     2
  Use: Scroll            |       |       |    15 |       ||    15
 Stab: Held in net/web   |       |     1 |     3 |       ||     4
       Sleeping          |       |       |     1 |     2 ||     3
  Eat: Chunk             |       |     7 |    17 |       ||    24
       Fruit             |       |       |     3 |       ||     3
       Pizza             |       |       |       |     1 ||     1
       Beef jerky        |       |       |       |     1 ||     1
